 Dungeon Crawl Stone Soup version 0.16.1-11-g651b585 (webtiles) character file.

730 Chiseanne the Skirmisher (level 7, 0/75 HPs)
             Began as an Ogre Monk on Apr 5, 2015.
             Was an Elder of Qazlal.
             Slain by a worm (8 damage)
             ... on level 5 of the Dungeon.
             The game lasted 00:11:33 (4289 turns).

Chiseanne the Skirmisher (Ogre Monk)                Turns: 4289, Time: 00:11:33

Health: 0/75       AC:  4    Str: 18    XL:     7   Next: 73%
Magic:  9/9        EV: 12    Int:  9    God:    Qazlal [****..]
Gold:   236        SH:  5    Dex: 13    Spells: 0 memorised, 6 levels left

rFire  . . .     SeeInvis .     a - +2 war axe (drain)
rCold  . . .     Clarity  .     h - +1 robe
rNeg   . . .     SustAb   .     (shield restricted)
rPois  .         Gourm    .     (helmet restricted)
rElec  .         Spirit   .     (no cloak)
rCorr  .         Warding  .     (gloves unavailable)
rMut   +         Stasis   .     (boots unavailable)
MR     .....                    m - amulet of resist mutation
Stlth  +.........               (no ring)
                                (no ring)

@: repel missiles, not resistant to hostile enchantments, very unstealthy
A: unfitting armour, tough skin 1
a: Upheaval, Elemental Force, Renounce Religion


You were on level 5 of the Dungeon.
You worshipped Qazlal.
Qazlal was greatly pleased with you.
You were not hungry.

You visited 1 branch of the dungeon, and saw 5 of its levels.

You collected 236 gold pieces.

Inventory:

Hand weapons
 a - a +2 war axe of draining (weapon)
 o - the +2 trident of Shuch {pain, +Blink rC+ rN+ Dex-2}
   (You found it on level 4 of the Dungeon)

   In the hands of one skilled in necromantic magic, it inflicts extra damage on
   living creatures.
   It affects your dexterity (-2).
   It protects you from cold.
   It protects you from negative energy.
   It lets you blink.
Missiles
 j - 55 arrows
 q - 9 tomahawks (quivered)
 t - 28 bolts
Armour
 h - a +1 robe (worn)
Jewellery
 m - an amulet of resist mutation (around neck)
 p - an uncursed ring of teleportation
Scrolls
 d - a scroll of remove curse
 s - a scroll of teleportation
Potions
 e - a potion of might
 g - a potion of haste
 i - a potion of restore abilities {unknown}
 l - 2 potions of heal wounds
 r - a potion of invisibility {unknown}
 u - a potion of curing
 v - a potion of berserk rage {unknown}
Comestibles
 b - 2 meat rations
 c - 4 fruits
 f - 3 bread rations
 n - a beef jerky


   Skills:
 * Level 6.2 Fighting
 * Level 2.4 Axes
 * Level 2.4 Throwing
 * Level 5.7 Dodging
 - Level 1.5 Stealth
 - Level 3.6 Unarmed Combat
 * Level 2.1 Invocations


You had 6 spell levels left.
You didn't know any spells.

Dungeon Overview and Level Annotations

Branches:
Dungeon (5/15)
 Temple: D:4-7

Altars:
Kikubaaqudgha
Qazlal
Trog
Xom
Yredelemnul

Annotations:
D:2 Ijyb, Sigmund


Innate Abilities, Weirdness & Mutations

You are too large for most types of armour.
You have tough skin (AC +1).


Message History

You slash the worm!
The worm is moderately wounded.
The gnoll hits you with a spear.
* * * LOW HITPOINT WARNING * * *
The worm bites you.
* * * LOW HITPOINT WARNING * * *
You closely miss the gnoll.
The gnoll is lightly wounded.
You completely miss the worm.
The worm is moderately wounded.
The gnoll barely misses you. The worm bites you.
* * * LOW HITPOINT WARNING * * *
The gnoll hits you with a spear.
* * * LOW HITPOINT WARNING * * *
You hit the gnoll. You drain the gnoll!
The gnoll is severely wounded.
You slash the worm!
The worm is heavily wounded.
The worm bites you!
You die...

†.## #.#.........$# ####
#..# #............# #...
#..# #............# ..# .
#..###............##.# ..#
#.................#..#o.....
###.......)........).....w..
..)†..........).§.†##..##...
.#.......###...§§w.# .##
.........# #..§§@)§#..#
..........##...g..§..#
#...............§).###
#.........#.##.......#
.....................#
##.......##.###......#
#....(...#......%.....
###(####...##.#........
#†.)§.g...##.#......#


You could see a worm and a gnoll.

Vanquished Creatures
  An ogre (D:4)
  An ice beast (D:5)
  A centaur (D:4)
  A hound (D:5)
  An orc priest (D:5)
  3 orc wizards (D:5)
  3 worker ants (D:4)
  A hound zombie (D:5)
  A hound skeleton (D:5)
  2 adders (D:3)
  2 shadow imps (D:5)
  A giant mite (D:1)
  2 gnolls
  3 worms
  2 adder skeletons
  2 giant geckos
  4 oozes
  13 orcs
  A ball python (D:1)
  7 bats
  A bat skeleton (D:5)
  A bat zombie (D:5)
  6 giant cockroaches
  2 gnoll zombies (D:5)
  11 goblins
  15 hobgoblins
  5 jackals (D:4)
  A quokka (D:3)
  A giant gecko skeleton (D:4)
  A giant gecko zombie (D:5)
  5 giant newts
  A goblin zombie (D:5)
  6 kobolds
  5 orc zombies (D:5)
  10 rats
123 creatures vanquished.

Notes
Turn   | Place    | Note
--------------------------------------------------------------
     0 | D:1      | Chiseanne, the Ogre Monk, began the quest for the Orb.
     0 | D:1      | Reached XP level 1. HP: 24/24 MP: 1/1
   115 | D:1      | Reached XP level 2. HP: 8/32 MP: 2/2
   714 | D:1      | Reached XP level 3. HP: 35/40 MP: 3/3
  1284 | D:2      | Found an ancient bone altar of Kikubaaqudgha.
  1284 | D:2      | Noticed Sigmund
  1533 | D:2      | Noticed Ijyb
  1863 | D:3      | Found a bloodstained altar of Trog.
  1985 | D:3      | Found a stormy altar of Qazlal.
  1985 | D:3      | Found a shimmering altar of Xom.
  1997 | D:3      | Became a worshipper of Qazlal Stormbringer
  1997 | D:3      | Acquired Qazlal's first power
  1997 | D:3      | Acquired Qazlal's second power
  2023 | D:3      | Reached XP level 4. HP: 34/49 MP: 4/4
  2808 | D:4      | Reached skill level 5 in Fighting
  2847 | D:4      | Got an ichor-stained trident
  2856 | D:4      | Identified the +2 trident of Shuch {pain, +Blink rC+ rN+ Dex-2} (You found it on level 4 of the Dungeon)
  2997 | D:4      | Noticed an ogre
  3006 | D:4      | Killed an ogre
  3006 | D:4      | Reached skill level 1 in Invocations
  3006 | D:4      | Reached XP level 5. HP: 57/57 MP: 5/5
  3173 | D:4      | Reached XP level 6. HP: 55/66 MP: 7/7
  3194 | D:4      | Noticed a centaur
  3203 | D:4      | Killed a centaur
  3203 | D:4      | Reached skill level 1 in Axes
  3203 | D:4      | Reached skill level 1 in Throwing
  3587 | D:4      | Reached skill level 5 in Dodging
  3769 | D:5      | Entered Level 5 of the Dungeon
  3776 | D:5      | Acquired Qazlal's third power
  3780 | D:5      | Reached XP level 7. HP: 60/74 MP: 9/9
  4011 | D:5      | Reached skill level 6 in Fighting
  4045 | D:5      | Found a basalt altar of Yredelemnul.
  4163 | D:5      | Acquired Qazlal's fourth power
  4289 | D:5      | Slain by a worm

Action                   |  1- 3 |  4- 6 |  7- 9 || total
-------------------------+-------+-------+-------++-------
Melee: Unarmed           |    91 |       |       ||    91
       Mace              |    55 |    17 |       ||    72
       War axe           |       |    81 |    83 ||   164
Throw: Tomahawk          |       |     2 |       ||     2
  Use: Scroll            |     4 |    10 |     1 ||    15
 Stab: Sleeping          |     1 |       |       ||     1
  Eat: Chunk             |     4 |     4 |     3 ||    11
